 Dungeon Crawl Stone Soup version 0.25.1-2-g60ff931df9 (webtiles) character file.

Game seed: 14120416285940161514

497 hawla the Skirmisher (level 6, -1/56 HPs)
             Began as a Minotaur Fighter on Oct 22, 2020.
             Slain by Natasha (7 damage)
             ... on level 4 of the Dungeon.
             The game lasted 00:10:09 (4067 turns).

hawla the Skirmisher (Minotaur Fighter)             Turns: 4067, Time: 00:10:10

Health: -1/56      AC:  3    Str: 22    XL:     6   Next: 93%
Magic:  5/5        EV: 13    Int:  5    God:
Gold:   211        SH:  0    Dex: 10    Spells: 5/5 levels left

rFire    . . .     SeeInvis .   a - +0 long sword
rCold    . . .     Gourm    .   (no shield)
rNeg     . . .     Faith    .   u - +0 leather armour
rPois    .         Spirit   .   (helmet restricted)
rElec    .         Reflect  .   (no cloak)
rCorr    .         Harm     .   (no gloves)
MR       +....                  (no boots)
Stlth    +.........             (no amulet)
HPRegen  0.18/turn              o - ring of protection from magic
MPRegen  0.09/turn              (no ring)

@: mighty
A: retaliatory headbutt, horns 2
a: no special abilities


You were on level 4 of the Dungeon.
You were not hungry.

You visited 1 branch of the dungeon, and saw 4 of its levels.

You collected 211 gold pieces.

Inventory:

Hand Weapons
 a - a +0 long sword (weapon)
 g - a +1 dagger
Missiles
 j - 5 boomerangs (quivered)
 k - 23 poisoned darts
 n - 4 silver javelins
Armour
 b - a +0 scale mail
 e - a +0 chain mail
 s - a +0 ring mail
 u - a +0 leather armour (worn)
Jewellery
 o - a ring of protection from magic (left hand)
Scrolls
 m - 2 scrolls of remove curse
 x - a scroll of enchant armour
Potions
 d - a potion of might
 l - 2 potions of haste
 p - a potion of stabbing
 t - a potion of ambrosia
Comestibles
 f - 8 rations
 h - 2 chunks of flesh


   Skills:
 + Level 5.1 Fighting
 + Level 2.1(3.5) Short Blades
 + Level 4.8(5.1) Long Blades
 + Level 0.6 Throwing
 + Level 5.0 Armour
 * Level 3.7 Dodging
 + Level 1.0 Stealth
   Level 3.6 Shields


You had 5 spell levels left.
You didn't know any spells.
Your spell library was empty.

Dungeon Overview and Level Annotations

Branches:
Dungeon (4/15)
 Temple: D:4-7

Altars:
Makhleb
Nemelex Xobeh
Xom

Annotations:
D:3 2 runed translucent doors, crixiilius's ghost, weakling MiAK
D:4 Natasha


Innate Abilities, Weirdness & Mutations

You reflexively headbutt those who attack you in melee.
You have a pair of horns on your head.


Message History

Press: ? - help, Shift-Dir - straight line, f/p - Natasha
Aim: Natasha (moderately wounded)
You throw a boomerang. The boomerang closely misses Natasha.
Natasha casts a spell at you. The magic dart hits you!
* * * LOW HITPOINT WARNING * * *
You hit Natasha but do no damage.
Natasha is moderately wounded.
Natasha claws you!
* * * LOW HITPOINT WARNING * * *
You feel better. Natasha claws you.
* * * LOW HITPOINT WARNING * * *
You feel very mighty all of a sudden. Natasha claws you.
* * * LOW HITPOINT WARNING * * *
You barely miss Natasha.
Natasha is lightly wounded.
Natasha growls.
Natasha claws you!
You die...

#.#####........
..'...
#.#####............
..#...
#.##............... .
#...
###.##......#........
#...
#<..##......#........
#... ######......#
....... #.## #......#
....... ...
#......##....... .
#.....).@h......
#......))..####.
#......!...#
#............
#...........=..
#...............
#...............
#...............


You could see Natasha.

Vanquished Creatures
  A phantom (D:4)
  A jelly (D:3)
  2 orc priests (D:4)
  Natasha (twice) (D:3 D:4)
  2 worker ants (D:4)
  3 gnolls (D:2)
  3 adders
  11 oozes
  4 worms
  A dart slug (D:2)
  4 leopard geckos
  6 orcs
  11 bats
  A giant cockroach (D:4)
  5 goblins
  10 hobgoblins
  6 jackals
  16 kobolds
  A quokka (D:3)
  4 ball pythons
  6 frilled lizards
  5 rats
105 creatures vanquished.

Vanquished Creatures (others)
  15 toadstools (D:3)
15 creatures vanquished.

Grand Total: 120 creatures vanquished

Notes
Turn   | Place    | Note
-------+----------+-------------------------------------------
     0 | D:1      | hawla the Minotaur Fighter began the quest for the Orb.
     0 | D:1      | Reached XP level 1. HP: 19/19 MP: 0/0
   102 | D:1      | Reached XP level 2. HP: 27/27 MP: 1/1
   751 | D:2      | Reached XP level 3. HP: 33/33 MP: 2/2
   780 | D:2      | Reached skill level 1 in Dodging
  1202 | D:2      | Reached XP level 4. HP: 13/41 MP: 3/3
  1771 | D:2      | Found a sparkling altar of Nemelex Xobeh.
  1997 | D:3      | Noticed Natasha
  2006 | D:3      | Killed Natasha
  2006 | D:3      | Reached skill level 1 in Short Blades
  2006 | D:3      | Reached XP level 5. HP: 33/47 MP: 4/4
  2458 | D:3      | Found a large runed translucent door.
  2458 | D:3      | Found a large runed translucent door.
  2462 | D:3      | Noticed crixiilius's ghost (weakling MiAK)
  2603 | D:3      | Found a shimmering altar of Xom.
  2606 | D:3      | Found a shimmering altar of Xom.
  2606 | D:3      | Found a shimmering altar of Xom.
  2606 | D:3      | Found a shimmering altar of Xom.
  2611 | D:3      | Found a shimmering altar of Xom.
  2883 | D:3      | Found a shimmering altar of Xom.
  2883 | D:3      | Found a shimmering altar of Xom.
  3012 | D:3      | Found a burning altar of Makhleb.
  3013 | D:3      | Noticed a green death
  3061 | D:3      | Reached skill level 5 in Armour
  3242 | D:4      | Noticed a phantom
  3256 | D:4      | Killed a phantom
  3256 | D:4      | Reached XP level 6. HP: 37/55 MP: 5/5
  3404 | D:4      | Reached skill level 1 in Stealth
  3408 | D:4      | Reached skill level 5 in Fighting
  3919 | D:4      | Noticed Natasha
  3940 | D:4      | Killed Natasha
  4058 | D:4      | Noticed Natasha
  4067 | D:4      | Slain by Natasha

Illustrated notes

Levels and vault maps discovered:
D:1:      lightli_arrival_maybe_door_vault, layout_loops_ring,
          grunt_decor_resistance
D:2:      layout_rooms, nicolae_overflow_crystal_walls
D:3:      cheibrodos_fertilizer, layout_rooms, xom_redecorated,
          makhleb_altar_promises_db, first_ration, ebering_ghost_disaster_area,
          minmay_gold_behind_fungi, hangedman_glass_teeth,
          kennysheep_generic_room_8, uniq_natasha
D:4:      layout_basic, lemuel_blue_sif_altar,
          minmay_temple_entry_statues_fountains

Skill      XL: |  1  2  3  4  5  6 |
---------------+-------------------+-----
Fighting       | 4 5 |  5.1
Armour         | 4 5 |  5.0
Dodging        | 1 3 |  3.7
Long Blades    | 3 4 |  4.8
Short Blades   | 1 2 |  2.1
Stealth        | 1 |  1.0
Throwing       | |  0.6
Shields        | |  3.6

Action                   |  1- 3 |  4- 6 || total
-------------------------+-------+-------++-------
Melee: Long sword        |    13 |    87 ||   100
       Headbutt          |    17 |    32 ||    49
       Short sword       |    10 |       ||    10
       Dagger            |    71 |    54 ||   125
Throw: Boomerang         |     4 |    12 ||    16
  Use: Scroll            |     4 |     9 ||    13
       Potion            |     1 |     3 ||     4
  Eat: Chunk             |     1 |     6 ||     7
       Ration            |       |     1 ||     1
Armor: Scale mail        |    36 |    15 ||    51
       Robe              |       |     5 ||     5
       Leather armour    |       |    15 ||    15
Dodge: Dodged            |    76 |    97 ||   173
       Rpst.: Long sword |     2 |    16 ||    18
